 Dungeon Crawl Stone Soup version 0.25-a0-178-gc9f82b1288 (webtiles) character file.

Game seed: 12642293287262011060, levelgen mode: deterministic

73 Lanoc the Chopper (level 4, -1/35 HPs)
             Began as a Formicid Gladiator on Nov 26, 2019.
             Slain by Crazy Yiuf
             ... wielding a +2 quarterstaff of chaos
              (2 damage)
             ... on level 2 of the Dungeon.
             The game lasted 00:02:22 (1194 turns).

Lanoc the Chopper (Formicid Gladiator)              Turns: 1194, Time: 00:02:23

Health: -1/35      AC:  3    Str: 24    XL:     4   Next: 51%
Magic:  2/4        EV: 13    Int:  7    God:
Gold:   45         SH:  0    Dex: 13    Spells: 3/3 levels left

rFire    . . .     SeeInvis +   a - +0 war axe
rCold    + . .     Gourm    .   (no shield)
rNeg     . . .     Faith    .   b - +0 leather armour
rPois    .         Spirit   .   (helmet unavailable)
rElec    .         Reflect  .   (no cloak)
rCorr    .         Harm     .   (no gloves)
MR       .....                  (no boots)
Stlth    +.........             (no amulet)
HPRegen  0.11/turn              (no ring)
MPRegen  0.09/turn              (no ring)

@: mighty, flying, lightly drained
A: permanent stasis, dig shafts and tunnels, four strong arms, antennae 3,
talons 1, cold resistance 1, evolution 1
a: Dig, Shaft Self


You were on level 2 of the Dungeon.
You were very hungry.

You visited 1 branch of the dungeon, and saw 2 of its levels.

You collected 45 gold pieces.

Inventory:

Hand Weapons
 a - a +0 war axe (weapon)
Missiles
 f - 60 stones (quivered)
 j - 16 poisoned darts
Armour
 b - a +0 leather armour (worn)
Scrolls
 e - a scroll of fog {unknown}
 i - 2 scrolls of random uselessness {unknown}
 k - a scroll of enchant weapon {unknown}
 l - 3 scrolls of remove curse {unknown}
 n - 4 scrolls of identify {unknown}
 o - a scroll of amnesia {unknown}
 p - a scroll of blinking {unknown}
Potions
 g - a potion of flight
 h - a potion of mutation
Comestibles
 d - 9 rations


   Skills:
 + Level 3.0(2.7) Fighting
 * Level 4.1(3.8) Axes
 - Level 2.0(1.7) Throwing
 + Level 3.2(2.9) Dodging


You had 3 spell levels left.
You didn't know any spells.
Your spell library was empty.

Dungeon Overview and Level Annotations

Branches:
Dungeon (2/15)

Altars:
Okawaru

Annotations:
D:2 Crazy Yiuf


Innate Abilities, Weirdness & Mutations

You cannot be hasted, slowed, berserked, paralysed or teleported.
You can dig through walls and to a lower floor.
Your four strong arms can wield two-handed weapons with a shield.
You have a pair of large antennae on your head. (SInv)
You have sharp toenails.
Your flesh is cold resistant. (rC+)
You evolve.


Message History

Crazy Yiuf flaps his cloak.
Crazy Yiuf hits you with a +2 quarterstaff of chaos!
You feel drained.
It was a potion of flight.
You feel very buoyant.
You fly up into the air.
Crazy Yiuf barely misses you.
It was a potion of mutation.
You feel extremely strange.
Your toenails lengthen and sharpen.
You feel nature experimenting on you.
Don't worry, failures die fast.
You feel resistant to cold.
Crazy Yiuf hits you with a +2 quarterstaff of chaos!
* * * LOW HITPOINT WARNING * * *
You feel your power leaking away.
Unknown command.
It was a potion of might.
You feel very mighty all of a sudden.
Crazy Yiuf hits you with a +2 quarterstaff of chaos!
* * * LOW HITPOINT WARNING * * *
Crazy Yiuf freezes you.
You die...

.######## .#
#### .#
##..#
.#######.###
#####
..##....####
#)()#
#..........#
#)))#
..##....##.#
)))
########.###
#g# ##..#
♣♣@♣ ##.#
♣)♣♣ #.#
♣♣)♣ # #.#
♣)♣♣ # #.#
♣♣)♣ ### #.#
♣..♣♣♣ ..#
#.# ♣....♣
#.# #†#
#....# #.#
#)###....#


You could see Crazy Yiuf.

Vanquished Creatures
  3 adders (D:2)
  An ooze (D:1)
  2 worms (D:2)
  2 leopard geckos (D:1)
  A giant cockroach (D:1)
  5 goblins
  5 hobgoblins
  4 jackals (D:1)
  5 bats
  2 frilled lizards
  3 kobolds
  2 rats (D:2)
35 creatures vanquished.

Notes
Turn   | Place    | Note
-------+----------+-------------------------------------------
     0 | D:1      | Lanoc the Formicid Gladiator began the quest for the Orb.
     0 | D:1      | Reached XP level 1. HP: 16/16 MP: 1/1
    15 | D:1      | Reached XP level 2. HP: 17/23 MP: 2/2
   199 | D:1      | Reached XP level 3. HP: 27/28 MP: 3/3
   967 | D:2      | Reached skill level 4 in Axes
   967 | D:2      | Reached XP level 4. HP: 31/34 MP: 4/4
   968 | D:2      | Found an iron altar of Okawaru.
  1183 | D:2      | Found a runed translucent door.
  1184 | D:2      | Noticed Crazy Yiuf
  1193 | D:2      | Gained mutation: You have sharp toenails. [potion of
                  | mutation]
  1193 | D:2      | Gained mutation: You evolve. [potion of mutation]
  1193 | D:2      | Gained mutation: Your flesh is cold resistant. (rC+)
                  | [potion of mutation]
  1194 | D:2      | HP: 1/35 [Crazy Yiuf/+2 quarterstaff of chaos (7)]
  1194 | D:2      | Slain by Crazy Yiuf

Levels and vault maps discovered:
D:1:      psy_arrival_spokes, layout_basic
D:2:      layout_loops_cross, nicolae_overflow_hidden_temple,
          uniq_crazy_yiuf_cottage

Skill      XL: |  1  2  3  4 |
---------------+-------------+-----
Dodging        | 3 |  3.2
Axes           | 4 |  4.1
Fighting       | 3 |  3.0
Throwing       | |  2.0

Action                   |  1- 3 |  4- 6 || total
-------------------------+-------+-------++-------
Melee: War axe           |    80 |    12 ||    92
Throw: Throwing net      |       |     3 ||     3
  Use: Potion            |       |     3 ||     3
Armor: Leather armour    |    30 |     6 ||    36
Dodge: Dodged            |    70 |     9 ||    79

Table legend:
 A = Non-vault XP
 B = Vault XP
 C = Vault XP percentage of total XP
 D = Non-vault monster count
 E = Vault monster count
 F = Vault count percentage of total count
                 A         B        C        D         E       F
            +---------+---------+-------+---------+---------+-------
      Total |     105 |       0 |   0.0 |      35 |       0 |   0.0
            +---------+---------+-------+---------+---------+-------
        D:1 |      38 |       0 |   0.0 |      17 |       0 |   0.0
        D:2 |      67 |       0 |   0.0 |      18 |       0 |   0.0
            +---------+---------+-------+---------+---------+-------
